AoeStats
← Paulinho19

Arabia

508193027Analyzed
1v1 RM · 11d ago on Sep 21, 2026· 41m 19s· 2 players
Game mode
Random Map
Map size
Tiny (2 player)
Population
200
Speed
Normal
Resources
Standard
Victory
Conquest
Starting age
Dark Age
Ending age
Imperial Age
RankedLock teamsTeams togetherTeam positionsShared explorationLock speedFull tech treeHidden civsTurbo modeCheats
Victory
Defeat
🇨🇳 Lithuanians · China
1043
+14
🇷🇴 Koreans · Romania
1009
-14
Paulinho19
0:49 Loom
13:04 Feudal Age
13:07 Man-at-Arms
14:16 Double-Bit Axe
14:13 Horse Collar
22:38 Castle Age
23:22 Heavy Plow
23:36 Bow Saw
23:41 Husbandry
23:25 Light Cavalry
26:28 Forging
26:23 Scale Barding Armor
29:43 Wheelbarrow
29:16 Gold Mining
29:20 Stone Mining
31:18 Hand Cart
32:45 Town Watch
33:13 Eupseong
34:00 Gold Shaft Mining
34:29 Thumb Ring
33:48 Crossbowman
33:49 Elite Skirmisher
35:29 Squires
37:12 Iron Casting
36:58 Chain Barding Armor
36:58 Town Patrol
40:02 Imperial Age
38:10 Pikeman
39:19 Fletching
39:29 Scale Mail Armor
39:45 Arson
dylsxx1718
6:43 Loom
8:59 Feudal Age
9:25 Double-Bit Axe
14:16 Fletching
15:23 Horse Collar
23:32 Castle Age
24:15 Scale Barding Armor
24:32 Bow Saw
25:10 Bloodlines
24:57 Gold Mining
29:29 Wheelbarrow
30:20 Husbandry
30:42 Chain Barding Armor
33:44 Hand Cart
33:19 Town Watch
38:28 Imperial Age
37:15 Heavy Plow
39:50 Plate Barding Armor
38:40 Cavalier
40:37 Forging
Connection lost

Rejoining the realm…

Still unreachable

The connection could not be restored.

Session expired

The server has moved on; the page needs a fresh start.